[Event "Titled Tuesday Blitz July 05 Early 2022"]
[White "Melkumyan, Hrant"]
[Black "Vachier-Lagrave, Maxime"]
[WhiteFideId "13302485"]
[BlackFideId "623539"]
[WhiteElo "2604"]
[BlackElo "2784"]
[Result "1-0"]
[Round "05"]
[TimeControl "180+1"]
[Date "2022.07.05"]
[WhiteClock "0:00:50"]
[BlackClock "0:00:48"]

1. Nf3 Nf6 2. c4 c6 3. Nc3 d5 4. e3 e6 5. b3 Bd6 6. Bb2 O-O 7. Be2 Nbd7 8. d4 Re8 9. O-O a6 10. Qc2 b5 11. Rad1 b4 12. Nb1 a5 13. Nbd2 Ba6 14. Rfe1 Qc7 15. e4 dxe4 16. Nxe4 Nxe4 17. Qxe4 Nf8 18. Bd3 c5 19. dxc5 Bxc5 20. Qg4 f5 21. Qh5 h6 22. Bxf5 Rad8 23. Be4 Rxd1 24. Rxd1 Rd8 25. Ne5 Rxd1+ 26. Qxd1 Be7 27. Nf3 Bb7 28. Qd3 Bxe4 29. Qxe4 Qd7 30. Qd4 Qxd4 31. Bxd4 Nd7 32. Ne5 Bf6 33. Nc6 Bxd4 34. Nxd4 Nc5 35. Nc6 Nb7 36. f4 Kf7 37. Kf2 Ke8 38. Ke3 Kd7 39. Ne5+ Kc7 40. Kd4 Nd6 41. g4 1-0


[Site "https://www.chess.com"]

[Event "Titled Tuesday Blitz July 05 Early 2022"]
[White "Molina, Roberto Junio Brito"]
[Black "Malek, Jan"]
[WhiteFideId "2109450"]
[BlackFideId "21864080"]
[WhiteElo "2432"]
[BlackElo "2145"]
[Result "0-1"]
[Round "05"]
[TimeControl "180+1"]
[Date "2022.07.05"]
[WhiteClock "0:00:04"]
[BlackClock "0:00:08"]

1. d4 Nf6 2. Nf3 d5 3. e3 c5 4. c3 Nc6 5. Nbd2 cxd4 6. exd4 Bg4 7. Bd3 Qc7 8. O-O e6 9. Re1 Bd6 10. Nf1 h6 11. g3 a6 12. Ne3 Bh5 13. Ng2 g5 14. Bd2 Ne7 15. Rc1 Bg6 16. Bxg6 Nxg6 17. Be3 Ne4 18. Nd2 f5 19. Nxe4 dxe4 20. Qh5 Qf7 21. f3 f4 22. fxe4 fxe3 23. Rf1 Qg7 24. e5 Be7 25. Nxe3 O-O-O 26. Qg4 Qg8 27. Qe4 h5 28. c4 h4 29. c5 hxg3 30. c6 Nf4 31. Nc4 Rxd4 32. Nb6+ Kb8 33. c7+ Ka7 34. c8=N+ Kb8 35. Qc2 Bc5 36. Qxc5 Ne2+ 37. Kg2 Rxh2+ 38. Kf3 Rd3+ 39. Qe3 Qf7+ 40. Ke4 Qg6+ 41. Kf3 Qf5# 0-1


[Site "https://www.chess.com"]

[Event "Titled Tuesday Blitz July 05 Early 2022"]
[White "Nakamura, Hikaru"]
[Black "Moussard, Jules"]
[WhiteFideId "2016192"]
[BlackFideId "642908"]
[WhiteElo "2850"]
[BlackElo "2589"]
[Result "1-0"]
[Round "05"]
[TimeControl "180+1"]
[Date "2022.07.05"]
[WhiteClock "0:00:12"]
[BlackClock "0:00:02"]

1. e4 c5 2. Nf3 e6 3. d4 cxd4 4. Nxd4 Nc6 5. Nc3 Qc7 6. Nxc6 bxc6 7. Qd3 d5 8. Qg3 Qxg3 9. hxg3 Nf6 10. Be2 Bb4 11. Bd2 Rb8 12. f3 d4 13. Nd1 Bxd2+ 14. Kxd2 e5 15. c3 Be6 16. cxd4 exd4 17. b3 c5 18. Rc1 Nd7 19. Nb2 Ke7 20. f4 f6 21. g4 h6 22. Rh5 Bf7 23. Rhxc5 Nxc5 24. Rxc5 Rhc8 25. Ra5 Rc7 26. Bc4 g5 27. f5 h5 28. gxh5 g4 29. Kd3 Rh8 30. Kxd4 Rxh5 31. Nd3 Bxc4 32. bxc4 Rh1 33. c5 Rf1 34. Nb4 Kf7 35. Nd5 Rd1+ 36. Ke3 Rc6 37. Rxa7+ Kf8 38. Nf4 g3 39. Ne6+ Ke8 40. a4 Ra1 41. Kf4 Re1 42. a5 Re2 43. Kf3 Ra2 44. Kxg3 Rc8 45. Kh3 Rb8 46. g3 Rb3 47. Ra8+ Kd7 48. a6 Raa3 49. c6+ Ke7 50. Rg8 Rc3 51. c7 Kf7 52. Rg7+ Ke8 53. Rg8+ Ke7 54. c8=Q Rxc8 55. Rxc8 1-0


[Site "https://www.chess.com"]

[Event "Titled Tuesday Blitz July 05 Early 2022"]
[White "Niemann, Hans Moke"]
[Black "Xu, Yi"]
[WhiteFideId "2093596"]
[BlackFideId "8605564"]
[WhiteElo "2632"]
[BlackElo "2471"]
[Result "1-0"]
[Round "05"]
[TimeControl "180+1"]
[Date "2022.07.05"]
[WhiteClock "0:00:42"]
[BlackClock "0:00:04"]

1. d4 Nf6 2. Nc3 d5 3. Bf4 a6 4. e3 e6 5. g4 c5 6. g5 Nfd7 7. Qg4 cxd4 8. exd4 Bb4 9. Qg3 Nc6 10. Bc7 Qe7 11. O-O-O Bxc3 12. Qxc3 Qxg5+ 13. Kb1 Nf6 14. Nf3 Qh5 15. Be2 Ne4 16. Qe3 Qf5 17. Rhg1 Qf6 18. Bd3 Bd7 19. Bxe4 dxe4 20. Qxe4 g6 21. d5 O-O 22. Ne5 Nxe5 23. Bxe5 Qf5 24. Qxf5 exf5 25. Bf6 Rfe8 26. Rge1 b5 27. d6 Re6 28. Rxe6 fxe6 29. f4 Rc8 30. b3 Kf7 31. Be5 h6 32. h4 Rc5 33. Kc1 Rd5 34. Rg1 Rc5 35. Kd2 Rc8 36. Rg3 Bc6 37. h5 g5 38. fxg5 hxg5 39. Rxg5 Be4 40. Rg7+ Kf8 41. d7 Rd8 42. h6 f4 43. Bd6# 1-0


[Site "https://www.chess.com"]

[Event "Titled Tuesday Blitz July 05 Early 2022"]
[White "Ramirez, Alejandro"]
[Black "So, Wesley"]
[WhiteFideId "6500617"]
[BlackFideId "5202213"]
[WhiteElo "2694"]
[BlackElo "2763"]
[Result "0-1"]
[Round "05"]
[TimeControl "180+1"]
[Date "2022.07.05"]
[WhiteClock "0:00:07"]
[BlackClock "0:00:37"]

1. e4 c5 2. Nf3 d6 3. d4 cxd4 4. Nxd4 Nf6 5. f3 e5 6. Nb3 Be6 7. Bg5 Be7 8. Nc3 O-O 9. Qd2 a5 10. a4 Nc6 11. Bb5 Nb4 12. O-O h6 13. Bxf6 Bxf6 14. Rad1 Qb6+ 15. Kh1 Rfd8 16. Nd5 Nxd5 17. exd5 Bd7 18. Bxd7 Rxd7 19. Qd3 Rc7 20. Rfe1 Rac8 21. Re2 Rc4 22. Ra1 e4 23. Rxe4 Rxc2 24. Rae1 g6 25. Rg4 Bg7 26. h4 Rxb2 27. Nd4 h5 28. Rge4 Be5 29. Nb5 Qf2 30. Qf1 Qg3 31. f4 Rcc2 32. fxe5 Rxg2 33. R1e2 Qh2# 0-1


[Site "https://www.chess.com"]

[Event "Titled Tuesday Blitz July 05 Early 2022"]
[White "Rosen, Eric"]
[Black "Zomorrodian, Eilia"]
[WhiteFideId "2032562"]
[BlackFideId "12551805"]
[WhiteElo "2362"]
[BlackElo "2098"]
[Result "1-0"]
[Round "05"]
[TimeControl "180+1"]
[Date "2022.07.05"]
[WhiteClock "0:00:03"]
[BlackClock "0:00:11"]

1. d4 Nf6 2. Bf4 g6 3. Nc3 d5 4. e3 Bg7 5. h4 h5 6. Nf3 O-O 7. Ne5 c5 8. dxc5 Na6 9. c6 Nc5 10. c7 Qe8 11. Bb5 Nfd7 12. Qxd5 e6 13. Qxc5 Nxc5 14. Bxe8 Rxe8 15. O-O-O b6 16. Nb5 Ne4 17. Rd8 Ba6 18. Rhd1 Bf6 19. Rxa8 Rxa8 20. Nd6 Nxf2 21. Rd4 Bxh4 22. Ra4 Bc8 23. Nexf7 Ng4 24. Ne5 Nxe5 25. Bxe5 Bg5 26. Kd2 Bd7 27. Rd4 Kf8 28. Ne4 Ke7 29. Nxg5 Bc6 30. e4 Rf8 31. Bd6+ 1-0


[Site "https://www.chess.com"]

[Event "Titled Tuesday Blitz July 05 Early 2022"]
[White "Rozman, Levy"]
[Black "Lazavik, Denis"]
[WhiteFideId "2039877"]
[BlackFideId "13515110"]
[WhiteElo "2376"]
[BlackElo "2437"]
[Result "0-1"]
[Round "05"]
[TimeControl "180+1"]
[Date "2022.07.05"]
[WhiteClock "0:00:07"]
[BlackClock "0:01:04"]

1. e4 c5 2. a3 Nc6 3. b4 Nf6 4. b5 Nd4 5. c3 Ne6 6. e5 Nd5 7. Nf3 d6 8. c4 Nb6 9. Bb2 d5 10. a4 Nxc4 11. Bxc4 dxc4 12. O-O g6 13. Na3 Bg7 14. Nxc4 O-O 15. Qe2 b6 16. a5 Bb7 17. axb6 axb6 18. Rxa8 Bxa8 19. Rd1 Qc7 20. d4 cxd4 21. Nxd4 Nf4 22. Qg4 Qxc4 23. Qxf4 Rd8 24. h4 Qd5 25. f3 Bxe5 26. Qe3 Bf6 27. Rd2 Qc5 28. h5 e5 0-1


[Site "https://www.chess.com"]

[Event "Titled Tuesday Blitz July 05 Early 2022"]
[White "Saveliev, Alexei"]
[Black "Kadric, Denis"]
[WhiteFideId "24128546"]
[BlackFideId "14403803"]
[WhiteElo "2281"]
[BlackElo "2657"]
[Result "0-1"]
[Round "05"]
[TimeControl "180+1"]
[Date "2022.07.05"]
[WhiteClock "0:00:01"]
[BlackClock "0:00:06"]

1. c4 d6 2. Nc3 g6 3. d4 Bg7 4. e4 Nd7 5. f4 e5 6. fxe5 dxe5 7. d5 Nh6 8. Nf3 O-O 9. Bd3 f6 10. O-O Nf7 11. Be3 c5 12. dxc6 bxc6 13. Qe2 Qe7 14. Rad1 Nc5 15. Bc2 a5 16. Na4 Ne6 17. Nb6 Rb8 18. Nxc8 Rfxc8 19. c5 Rxb2 20. Rb1 Rcb8 21. Rxb2 Rxb2 22. Qc4 Rb4 23. Qc3 Bh6 24. Bxh6 Nxh6 25. Bb3 Nf7 26. Rc1 Kg7 27. h3 Nfg5 28. Nd2 Nd4 29. Qe3 Nge6 30. Kh2 Nxc5 31. Bd1 Nde6 32. Bg4 Qd6 33. Nc4 Qd4 34. Qxd4 Nxd4 35. Nxe5 fxe5 36. Rxc5 Kf6 37. Rxa5 Rb2 38. h4 h5 39. Bh3 Re2 40. Ra8 Rxe4 41. a4 Re2 42. a5 Ra2 43. a6 Ke7 44. Rg8 Rxa6 45. Rxg6 e4 46. Rg5 Kd6 47. Rxh5 e3 48. Rh6+ Kc5 49. Bg4 e2 50. Rh5+ Kc4 51. Re5 Ra2 52. h5 Kd3 53. h6 Ra7 54. Kh3 Rh7 55. Bxe2+ Nxe2 56. Kg4 Rxh6 57. Kg5 Rd6 0-1


[Site "https://www.chess.com"]

[Event "Titled Tuesday Blitz July 05 Early 2022"]
[White "Shimanov, Aleksandr"]
[Black "Mitrabha, Guha"]
[WhiteFideId "4198603"]
[BlackFideId "5057000"]
[WhiteElo "2605"]
[BlackElo "2499"]
[Result "1/2-1/2"]
[Round "05"]
[TimeControl "180+1"]
[Date "2022.07.05"]
[WhiteClock "0:00:03"]
[BlackClock "0:00:09"]

1. e4 c6 2. d4 d5 3. Nd2 dxe4 4. Nxe4 Nf6 5. Nxf6+ exf6 6. c3 Bd6 7. Bd3 O-O 8. Qc2 Re8+ 9. Be3 h5 10. Nf3 Nd7 11. O-O Nf8 12. Rfe1 Qc7 13. h3 Be6 14. c4 Rad8 15. Rad1 Qd7 16. Bf1 Bf5 17. Qc3 Bb8 18. d5 Qc7 19. g3 cxd5 20. cxd5 Qxc3 21. bxc3 Be4 22. Bg2 Bxd5 23. a4 Bc6 24. a5 Ne6 25. Nd4 Nxd4 26. cxd4 Bxg2 27. Kxg2 Rd5 28. Rb1 Re7 29. Rec1 Rd8 30. Rb3 Kh7 31. Rcb1 Rdd7 32. g4 Kg6 33. Rb5 hxg4 34. hxg4 a6 35. Rh5 Re4 36. Kf3 Re8 37. Rb3 Ba7 38. Rb4 Re6 39. Rh8 Red6 40. Ke4 b5 41. axb6 Bxb6 42. Ra8 a5 43. Rc4 Re6+ 44. Kd3 f5 45. gxf5+ Kxf5 46. Ra6 Kg6 47. Bd2 Red6 48. Bc3 f6 49. Ra4 Kf7 50. Ke4 g6 51. Kf3 g5 52. Ke4 Kg6 53. Kd3 Kf5 54. Ra2 Bxd4 55. Rxd6 Rxd6 56. Bxd4 Rd5 57. Kc4 Rd6 58. Rxa5+ Kf4 59. Ra3 f5 60. Rg3 g4 61. Kd3 Ra6 62. Be3+ Ke5 63. Rg1 f4 64. Bd2 Rd6+ 65. Ke2 Kf5 66. Rh1 Re6+ 67. Kf1 Rd6 68. Be1 Ke4 69. Rh8 Kf3 70. Ra8 Rd3 71. Rc8 Rb3 72. Rf8 Rd3 73. Re8 Rd4 74. Rc8 Rd3 75. Rb8 Ra3 76. Rb4 Rd3 77. Rb6 Ra3 78. Rb7 Rd3 79. Re7 Ra3 80. Rd7 Rb3 81. Bd2 Rb1+ 82. Be1 Rb3 83. Re7 Rd3 84. Re2 Rd7 85. Rc2 Rd3 86. Bd2 Rb3 87. Be1 Rd3 88. Rb2 Ra3 89. Rc2 Rd3 1/2-1/2


[Site "https://www.chess.com"]

[Event "Titled Tuesday Blitz July 05 Early 2022"]
[White "Stoleriu, George"]
[Black "Paichadze, Luka"]
[WhiteFideId "1227505"]
[BlackFideId "13602934"]
[WhiteElo "2194"]
[BlackElo "2537"]
[Result "0-1"]
[Round "05"]
[TimeControl "180+1"]
[Date "2022.07.05"]
[WhiteClock "0:00:03"]
[BlackClock "0:00:16"]

1. e4 c6 2. Nf3 d5 3. exd5 cxd5 4. Ne5 a6 5. d4 Nf6 6. c4 Nc6 7. Nc3 e6 8. Nxc6 bxc6 9. Bd3 Be7 10. O-O O-O 11. Re1 a5 12. c5 Ba6 13. Bf4 Bxd3 14. Qxd3 Nd7 15. Na4 Qc8 16. Rad1 Qb7 17. b3 Bf6 18. Bd6 Rfe8 19. f4 g6 20. Re3 Bg7 21. g4 Nf6 22. Qe2 Ne4 23. Rxe4 dxe4 24. Qxe4 Rad8 25. g5 Qb5 26. Nb2 Bf8 27. Nc4 a4 28. Bxf8 Rxf8 29. Nd6 Qb4 30. Qe5 Rxd6 31. cxd6 axb3 32. axb3 Rd8 33. Qc5 Qxb3 34. Re1 Qf3 35. Rf1 Qe3+ 36. Kh1 Qe4+ 37. Kg1 Qd5 38. Rc1 Rxd6 39. Qxd5 Rxd5 40. Rc4 Rf5 41. Kf2 Rxf4+ 42. Kg3 Re4 43. Kf3 Rh4 44. Kg3 Rh5 45. h4 h6 46. gxh6 Rd5 47. Kf4 Kh7 48. Ke3 Kxh6 49. Rxc6 Rh5 50. Rc7 Kg7 51. Kd3 Rxh4 0-1


[Site "https://www.chess.com"]

[Event "Titled Tuesday Blitz July 05 Early 2022"]
[White "Svane, Frederik"]
[Black "Cherniaiev, Tykhon"]
[WhiteFideId "12923044"]
[BlackFideId "14182360"]
[WhiteElo "2459"]
[BlackElo "2263"]
[Result "1-0"]
[Round "05"]
[TimeControl "180+1"]
[Date "2022.07.05"]
[WhiteClock "0:00:13"]
[BlackClock "0:00:05"]

1. e4 c5 2. Nf3 e6 3. d4 cxd4 4. Nxd4 Nc6 5. Nc3 Qc7 6. Be3 a6 7. Qf3 Nf6 8. O-O-O b5 9. Qg3 Qxg3 10. hxg3 Bb7 11. Nxc6 Bxc6 12. f3 d5 13. exd5 Nxd5 14. Nxd5 Bxd5 15. Kb1 Be7 16. Bd3 h6 17. g4 Rd8 18. a4 bxa4 19. Bxa6 a3 20. c4 Bc6 21. Rxd8+ Kxd8 22. Bb6+ Ke8 23. Rd1 f6 24. Bb5 Bxb5 25. cxb5 Kf7 26. Bc7 axb2 27. b6 Bc5 28. Rd7+ Kg6 29. Kxb2 h5 30. gxh5+ Rxh5 31. Kc3 Rh1 32. b7 Ba7 33. b8=Q Bxb8 34. Bxb8 Rc1+ 35. Kb2 Rf1 36. Kc2 Ra1 37. Rd2 Kh5 38. Kd3 g5 39. g4+ Kg6 40. Ke2 f5 41. Be5 Ra4 42. Rd4 Ra2+ 43. Ke3 Ra3+ 44. Kf2 Ra2+ 45. Kg3 Re2 46. Bc7 Rc2 47. Rd7 Kf6 48. Bd8+ Kg6 49. Re7 f4+ 50. Kh3 Rf2 51. Rxe6+ Kf7 52. Re5 Rxf3+ 53. Kh2 Rg3 54. Rxg5 Rd3 55. Bc7 Rd4 56. Rf5+ Kg6 57. Bxf4 Rd3 58. Bg3 Rd4 59. Kh3 Rd1 60. Re5 Rh1+ 61. Kg2 Rc1 62. Bf4 Rc2+ 63. Kg3 Rc4 64. Re6+ Kf7 65. Ra6 Rc5 66. g5 Kg7 67. Kg4 Rc2 68. Be5+ Kh7 69. Rh6+ Kg8 70. g6 Rg2+ 71. Kf3 Rxg6 72. Rxg6+ Kh7 73. Rg5 Kh6 74. Kg4 Kh7 75. Kf5 Kh6 76. Kf6 Kh7 77. Rg6 Kh8 78. Rh6+ Kg8 79. Bf4 Kf8 80. Rh8# 1-0


[Site "https://www.chess.com"]

[Event "Titled Tuesday Blitz July 05 Early 2022"]
[White "Svane, Rasmus"]
[Black "Korchmar, Vasiliy"]
[WhiteFideId "4657101"]
[BlackFideId "24131750"]
[WhiteElo "2674"]
[BlackElo "2370"]
[Result "1-0"]
[Round "05"]
[TimeControl "180+1"]
[Date "2022.07.05"]
[WhiteClock "0:00:38"]
[BlackClock "0:00:53"]

1. Nf3 c5 2. c4 Nc6 3. Nc3 g6 4. e3 Nf6 5. d4 cxd4 6. exd4 d5 7. cxd5 Nxd5 8. Qb3 Nxc3 9. Bc4 e6 10. bxc3 Bd7 11. Bd3 Bg7 12. Ba3 Na5 13. Qc2 Bf8 14. Bxf8 Kxf8 15. O-O Kg7 16. Rfe1 Rc8 17. Re3 Bc6 18. Ne5 Bd5 19. Rae1 Nc4 20. Bxc4 Bxc4 21. Qd2 Bd5 22. h4 h5 23. Qd3 Qxh4 24. c4 Bc6 25. d5 exd5 26. Rf3 Rhf8 27. Rxf7+ Kh8 28. Qxg6 1-0


[Site "https://www.chess.com"]

[Event "Titled Tuesday Blitz July 05 Early 2022"]
[White "Tabatabaei, M. Amin"]
[Black "Barp, Alberto"]
[WhiteFideId "12521213"]
[BlackFideId "872555"]
[WhiteElo "2544"]
[BlackElo "2229"]
[Result "0-1"]
[Round "05"]
[TimeControl "180+1"]
[Date "2022.07.05"]
[WhiteClock "0:00:03"]
[BlackClock "0:00:07"]

1. d4 Nf6 2. Nf3 d5 3. c3 e6 4. Bf4 c5 5. e3 Nc6 6. Nbd2 cxd4 7. exd4 Nh5 8. Be3 Bd6 9. Bd3 Nf4 10. Bxf4 Bxf4 11. O-O O-O 12. Re1 Qc7 13. Nf1 Re8 14. g3 Bd6 15. Ne3 Bd7 16. Bxh7+ Kxh7 17. Ng5+ Kg6 18. h4 f5 19. f4 Ne7 20. h5+ Kh6 21. Qc2 g6 22. hxg6 Kxg6 23. Ng2 Ng8 24. g4 Nf6 25. gxf5+ exf5 26. Nh4+ Kg7 27. Nxf5+ Bxf5 28. Qxf5 Qd7 29. Ne6+ Kf7 30. Ng5+ Kg7 31. Re6 Rxe6 32. Nxe6+ Kf7 33. Ng5+ Kg7 34. Ne6+ Kf7 35. Re1 Rg8+ 36. Ng5+ Kg7 37. Re6 Rf8 38. Kg2 Qd8 39. Re3 Qd7 40. Ne6+ Kf7 41. Kf3 Re8 42. Ng5+ Kg7 43. Ne6+ Kf7 44. Ng5+ Kg7 45. Re6 Rxe6 46. Nxe6+ Kf7 47. Ng5+ Kg7 48. Ne6+ Kf7 49. Ng5+ Ke7 50. Qxd7+ Kxd7 51. f5 b5 52. Ne6 Ne4 53. Ng7 Ke7 54. Nh5 Kf7 55. Kg4 Nf6+ 56. Nxf6 Kxf6 57. b3 a5 58. a4 bxa4 59. bxa4 Bc7 60. Kf3 Kxf5 61. Ke3 Bf4+ 62. Kd3 Bd6 63. c4 Ke6 64. c5 Bh2 65. Ke3 Bg1+ 66. Kd3 Bh2 67. Ke3 Bc7 68. Kf3 Kf5 69. Ke3 Kg4 70. c6 Kf5 0-1


[Site "https://www.chess.com"]

[Event "Titled Tuesday Blitz July 05 Early 2022"]
[White "Tari, Aryan"]
[Black "Dubov, Daniil"]
[WhiteFideId "1510045"]
[BlackFideId "24126055"]
[WhiteElo "2612"]
[BlackElo "2791"]
[Result "1/2-1/2"]
[Round "05"]
[TimeControl "180+1"]
[Date "2022.07.05"]
[WhiteClock "0:01:07"]
[BlackClock "0:00:24"]

1. e4 e5 2. Nf3 Nc6 3. Nc3 Nf6 4. a3 d5 5. Bb5 Nxe4 6. Qe2 Qd6 7. Nxe4 dxe4 8. Qxe4 Bd7 9. d4 O-O-O 10. dxe5 Nxe5 11. Bxd7+ Qxd7 12. O-O Nxf3+ 13. Qxf3 Qd5 14. Qg3 Bd6 15. Bf4 Bxf4 16. Qxf4 Rhe8 17. Rae1 g6 18. h4 h5 19. g3 a6 20. a4 a5 21. b3 b6 22. Re3 Rxe3 23. Qxe3 Qd2 24. Qe4 Qd5 25. Qe2 Qd2 26. Qe4 Qd5 27. Qe2 Qd2 28. Qe4 1/2-1/2


[Site "https://www.chess.com"]

[Event "Titled Tuesday Blitz July 05 Early 2022"]
[White "Timofeev, Artyom"]
[Black "Prokofiev, Valentyn"]
[WhiteFideId "4140419"]
[BlackFideId "14160161"]
[WhiteElo "2578"]
[BlackElo "2142"]
[Result "1-0"]
[Round "05"]
[TimeControl "180+1"]
[Date "2022.07.05"]
[WhiteClock "0:01:41"]
[BlackClock "0:01:30"]

1. e4 c5 2. Nc3 Nc6 3. Bb5 Nd4 4. Nf3 Nxb5 5. Nxb5 a6 6. Nc3 d6 7. d4 cxd4 8. Nxd4 Nf6 9. Bg5 e6 10. Qd3 Be7 11. O-O-O Bd7 12. f4 Qa5 13. Nb3 Qc7 14. e5 dxe5 15. fxe5 Nd5 16. Bxe7 Nxe7 17. Ne4 Nc8 18. Qg3 Kf8 19. Rhf1 Bb5 20. Rf4 Ne7 21. Nd6 Nf5 22. Nxf5 exf5 23. Rxf5 Rc8 24. Nd4 g6 25. Ne6+ 1-0


[Site "https://www.chess.com"]

[Event "Titled Tuesday Blitz July 05 Early 2022"]
[White "Tokman, Ariel"]
[Black "Wagner, Dennis"]
[WhiteFideId "117420"]
[BlackFideId "24650684"]
[WhiteElo "2268"]
[BlackElo "2355"]
[Result "0-1"]
[Round "05"]
[TimeControl "180+1"]
[Date "2022.07.05"]
[WhiteClock "0:00:16"]
[BlackClock "0:01:22"]

1. e4 c5 2. Nf3 d6 3. d4 cxd4 4. Nxd4 Nf6 5. Nc3 a6 6. Be3 e5 7. Nf3 Be7 8. Bc4 O-O 9. O-O Nc6 10. h3 Be6 11. Bb3 h6 12. Qe2 Na5 13. Bxe6 fxe6 14. Rfd1 Qc7 15. Rd3 Nc4 16. Bc1 b5 17. b3 Nb6 18. Ba3 Nbd7 19. Rad1 Nc5 20. Bxc5 Qxc5 21. a4 Nh5 22. Qe3 Qc6 23. R3d2 Rac8 24. Ne2 bxa4 25. bxa4 Qxa4 26. c3 Rc4 27. Qa7 Rf7 28. Qb8+ Kh7 0-1


[Site "https://www.chess.com"]

[Event "Titled Tuesday Blitz July 05 Early 2022"]
[White "Vakhlamov, Igor L."]
[Black "Leiva, Gianmarco"]
[WhiteFideId "24126748"]
[BlackFideId "3804399"]
[WhiteElo "2401"]
[BlackElo "2323"]
[Result "0-1"]
[Round "05"]
[TimeControl "180+1"]
[Date "2022.07.05"]
[WhiteClock "0:00:01"]
[BlackClock "0:00:46"]

1. e4 c5 2. Nf3 d6 3. Nc3 Nf6 4. d4 cxd4 5. Qxd4 a6 6. e5 Nc6 7. Qa4 dxe5 8. Nxe5 Bd7 9. Nxd7 Qxd7 10. Be3 e6 11. Rd1 Qc7 12. a3 Be7 13. Be2 O-O 14. O-O Rac8 15. Qh4 Ne5 16. Bd4 Nc4 17. Ne4 e5 18. Bc3 Nd5 19. Qg3 Nf4 20. Bd3 Rfd8 21. Rde1 f6 22. Qf3 Nd5 23. Qh3 Qd7 24. Qh5 Nf4 25. Nxf6+ Bxf6 26. Qxh7+ Kf7 27. Bxc4+ Rxc4 28. Bxe5 Bxe5 29. Rxe5 Ng6 30. Rg5 Qe6 31. f4 Rh8 32. Rxg6 Qe3+ 0-1


[Site "https://www.chess.com"]

[Event "Titled Tuesday Blitz July 05 Early 2022"]
[White "Van Foreest, Jorden"]
[Black "Navarrete Mendez, Gonzalo Alberto"]
[WhiteFideId "1039784"]
[BlackFideId "5106850"]
[WhiteElo "2609"]
[BlackElo "2261"]
[Result "0-1"]
[Round "05"]
[TimeControl "180+1"]
[Date "2022.07.05"]
[WhiteClock "0:00:01"]
[BlackClock "0:00:24"]

1. Nf3 Nf6 2. g3 d5 3. Bg2 Nc6 4. O-O e5 5. d3 Bc5 6. Nbd2 e4 7. dxe4 dxe4 8. Ng5 e3 9. Nde4 exf2+ 10. Nxf2 Bxf2+ 11. Kxf2 Qe7 12. Kg1 Bd7 13. Bf4 O-O-O 14. c3 h6 15. Nf3 Rhe8 16. Qb3 Be6 17. Qa4 Bd5 18. Rae1 Ne4 19. Qc2 g5 20. Be3 Nxg3 21. hxg3 Qxe3+ 22. Kh2 Be4 23. Qc1 Qxc1 24. Rxc1 Bd5 25. Ng1 Bxg2 26. Kxg2 Ne5 27. Rcd1 Re7 28. Rxd8+ Kxd8 29. b3 Ng4 30. Rd1+ Ke8 31. Rd4 Ne3+ 32. Kf2 Nf5 33. Rd3 Nd6 34. Nf3 Ne4+ 35. Kg2 Nc5 36. Rd2 Ne4 37. Rd3 c5 38. c4 f5 39. Ng1 Nf6 40. Rd2 Ng4 41. Nf3 Ne3+ 42. Kf2 Kf7 43. Rd3 Ng4+ 44. Ke1 Ne5 45. Nxe5+ Rxe5 46. Rd7+ Re7 47. Rd5 f4 48. gxf4 gxf4 49. Rf5+ Ke6 50. Rxf4 Rh7 51. e4 h5 52. Rf5 b6 53. Kf2 h4 54. Kg2 h3+ 55. Kh2 Rh4 56. Rg5 Rxe4 57. Rg7 Re2+ 58. Kxh3 Rxa2 59. Kg4 Ke5 60. Rd7 Ra3 61. Rd5+ Ke4 62. Rd7 Rxb3 63. Rxa7 Kd4 64. Kf4 Kxc4 65. Ke4 b5 66. Rh7 Rb1 67. Rh4 b4 68. Ke5+ Kb5 69. Kd6 Rd1+ 70. Kc7 b3 71. Rh6 Kc4 72. Rh2 Kc3 73. Rh3+ Kb4 74. Rh4+ c4 0-1


[Site "https://www.chess.com"]

[Event "Titled Tuesday Blitz July 05 Early 2022"]
[White "Vasquez Schroeder, Rodrigo"]
[Black "Piesik, Piotr"]
[WhiteFideId "3400042"]
[BlackFideId "1136194"]
[WhiteElo "2567"]
[BlackElo "2242"]
[Result "1-0"]
[Round "05"]
[TimeControl "180+1"]
[Date "2022.07.05"]
[WhiteClock "0:00:06"]
[BlackClock "0:00:02"]

1. e4 g6 2. d4 Bg7 3. Nf3 c6 4. Nc3 d6 5. a4 Nf6 6. h3 O-O 7. Be3 Nbd7 8. a5 e5 9. dxe5 dxe5 10. Qd6 Re8 11. Bc4 Bf8 12. Qd3 Bb4 13. O-O Qe7 14. Ng5 Rf8 15. Ne2 Nc5 16. Bxc5 Bxc5 17. c3 h6 18. Nf3 Rd8 19. Qc2 a6 20. b4 Ba7 21. Ng3 Ne8 22. Rfd1 Nd6 23. Bb3 Be6 24. Qa2 Bxb3 25. Qxb3 Ne8 26. c4 Bd4 27. Nxd4 Rxd4 28. Rxd4 exd4 29. c5 Rd8 30. Rd1 Nc7 31. Qc4 Ne6 32. Ne2 Qf6 33. Qd3 Nf4 34. Nxf4 Qxf4 35. g3 Qf6 36. Kg2 h5 37. h4 Qe6 38. Rd2 Qg4 39. Qf3 Qe6 40. Qd3 Qg4 41. Re2 Qe6 42. Rc2 Re8 43. Re2 Rd8 44. Rc2 Re8 45. f3 Rd8 46. Rc4 Qd7 47. f4 Qg4 48. Kf2 Qh3 49. Rc1 Qh2+ 50. Kf3 Qb2 51. Rb1 Qh2 52. e5 Qh3 53. Re1 Kg7 54. Re4 Qh1+ 55. Ke2 Qg2+ 56. Kd1 Qg1+ 57. Kc2 Qa1 58. Kb3 Rd5 59. e6 fxe6 60. Rxe6 Rf5 61. Re7+ Kf6 62. Rd7 Rd5 63. Rxd5 cxd5 64. Qd2 Qg1 65. Qd3 Qe3 66. Kc2 Qf2+ 67. Qd2 Qxg3 68. Qxd4+ Ke7 69. Qe5+ Kf8 70. Qxd5 1-0


[Site "https://www.chess.com"]

[Event "Titled Tuesday Blitz July 05 Early 2022"]
[White "Yaksin, Oleg"]
[Black "Grandelius, Nils"]
[WhiteFideId "24105880"]
[BlackFideId "1710400"]
[WhiteElo "2256"]
[BlackElo "2617"]
[Result "0-1"]
[Round "05"]
[TimeControl "180+1"]
[Date "2022.07.05"]
[WhiteClock "0:00:15"]
[BlackClock "0:01:04"]

1. d4 d5 2. c4 e6 3. Nf3 a6 4. cxd5 exd5 5. Nc3 h6 6. Bf4 Nf6 7. e3 Bd6 8. Bxd6 Qxd6 9. Bd3 Bg4 10. O-O O-O 11. h3 Bxf3 12. Qxf3 Nbd7 13. Rad1 Rfe8 14. a3 c6 15. Rfe1 Nb6 16. Ne2 Nc8 17. Qf4 Qd8 18. Ng3 Nd6 19. Nf5 Nxf5 20. Qxf5 g6 21. Qf4 Kg7 22. f3 Re6 23. Bc2 Qb6 24. b4 a5 25. Rb1 axb4 26. axb4 Ra3 27. Kf2 Qd8 28. g4 Qe7 29. h4 Nh7 30. h5 Ng5 31. Kg3 Rf6 32. hxg6 Rxf4 33. exf4 Rxf3+ 34. Kg2 Re3 35. Rxe3 Qxe3 36. fxg5 Qd2+ 37. Kg3 Qc3+ 0-1


[Site "https://www.chess.com"]

[Event "Titled Tuesday Blitz July 05 Early 2022"]
[White "Zhigalko, Sergei"]
[Black "Bortnyk, Olexandr"]
[WhiteFideId "13502956"]
[BlackFideId "14120828"]
[WhiteElo "2662"]
[BlackElo "2723"]
[Result "0-1"]
[Round "05"]
[TimeControl "180+1"]
[Date "2022.07.05"]
[WhiteClock "0:00:01"]
[BlackClock "0:00:04"]

1. e4 d6 2. d4 Nf6 3. Nc3 Nbd7 4. Nf3 e5 5. Bc4 Be7 6. O-O O-O 7. Re1 b6 8. a4 a5 9. Ba2 Bb7 10. Bg5 h6 11. Bh4 Re8 12. Bg3 Bf8 13. Qd3 c6 14. Rad1 Qe7 15. Nh4 Nh5 16. Nf5 Qf6 17. dxe5 Nxe5 18. Bxe5 dxe5 19. Qd7 Rab8 20. Qc7 Nf4 21. Qxb6 g6 22. Ne3 Ne6 23. Bxe6 Qxe6 24. Qxa5 Rec8 25. Qa7 Ba8 26. Qd7 Qxd7 27. Rxd7 Rxb2 28. Rb1 Rxb1+ 29. Nxb1 c5 30. f3 Bc6 31. Ra7 c4 32. Ra5 Bb4 33. Rxe5 f6 34. Re6 Bc5 35. Kf2 Bxa4 36. Nc3 Bxc2 37. Nd5 Bb3 38. Rxf6 c3 39. Nxc3 Bxe3+ 40. Kxe3 Rxc3+ 41. Kd4 Rc4+ 42. Kd3 Rc1 43. Rxg6+ Kh7 44. Rb6 Bf7 45. Ke3 Rc2 46. Rb7 Kg8 47. g4 Rxh2 48. Kf4 Rf2 49. Kg3 Rf1 50. Rb6 Kg7 51. Rb7 Kg6 52. Rb6+ Kg7 53. Rb7 Kf6 54. Rb6+ Be6 55. Kf4 Ke7 56. Rb7+ Kd6 57. Rb6+ Ke7 58. Rb7+ Kf6 59. Rb6 Re1 60. Ra6 Re2 61. Ra7 Rb2 62. Ra6 Rb5 63. Rc6 Ra5 64. Rb6 Rc5 65. Ra6 Rc7 66. Rb6 Ra7 67. Rc6 Rf7 68. Rb6 Rf8 69. Ra6 Kg7+ 70. Kg3 Bc4 71. Ra7+ Kg8 72. Rc7 Bf7 73. Rc6 Kg7 74. Rc7 Ra8 75. Rb7 Ra3 76. Kf4 Ra6 77. Rc7 Kf6 78. Rb7 Be6 79. Rc7 Bf7 80. Rb7 Rc6 81. Ra7 Bc4 82. Rh7 Kg6 83. Rb7 Be2 84. Ke3 Bd1 85. Kf4 Rf6+ 0-1


[Site "https://www.chess.com"]